 Dungeon Crawl Stone Soup version 0.25-a0-35-g747a2b3c0c (webtiles) character file.

Game seed: 13743003205682533933, levelgen mode: deterministic

200 ketsa the Grasshopper (level 5, -6/43 HPs)
             Began as a Gnoll Warper on Oct 18, 2019.
             Killed from afar by an orc wizard (9 damage)
             ... with a puff of frost
             ... on level 3 of the Dungeon.
             The game lasted 00:13:13 (3584 turns).

ketsa the Grasshopper (Gnoll Warper)                Turns: 3584, Time: 00:13:14

Health: -6/43      AC:  6    Str: 13    XL:     5   Next: 79%
Magic:  12/12      EV: 14    Int: 16    God:
Gold:   128        SH:  0    Dex: 15    Spells: 12/14 levels left

rFire    . . .     SeeInvis .   a - +1 falchion
rCold    . . .     Gourm    .   (no shield)
rNeg     . . .     Faith    .   b - +0 leather armour
rPois    .         Spirit   .   m - +0 helmet
rElec    .         Reflect  .   (no cloak)
rCorr    .         Harm     .   A - +1 pair of gloves
MR       .....                  (no boots)
Stlth    ++........             (no amulet)
HPRegen  0.14/turn              (no ring)
MPRegen  0.13/turn              (no ring)

@: no status effects
A: distributed training, fangs 1, strong nose
a: no special abilities


You were on level 3 of the Dungeon.
You were not hungry.

You visited 1 branch of the dungeon, and saw 4 of its levels.

You collected 128 gold pieces.

Inventory:

Hand Weapons
 a - a +1 falchion (weapon)
 g - a +0 club
 t - a +0 dagger
Missiles
 e - 3 boomerangs of dispersal (quivered)
 i - 11 arrows
 j - 12 bolts
 o - 3 javelins
 q - 100 stones
 r - 77 sling bullets
Armour
 b - a +0 leather armour (worn)
 m - a +0 helmet (worn)
 y - a +0 scale mail
 A - a +1 pair of gloves (worn)
Wands
 F - a wand of digging (5)
Scrolls
 c - a scroll of identify
 d - a scroll of blinking
 l - a scroll of enchant weapon
 s - 4 scrolls of amnesia
 D - a scroll of remove curse
Potions
 h - 2 potions of cancellation
 k - a potion of invisibility
 n - 2 potions of mutation
 p - 2 potions of agility
 w - a potion of heal wounds {unknown}
 B - a potion of brilliance
 C - a potion of flight {unknown}
Comestibles
 f - 5 rations
 u - 3 chunks of flesh


   Skills:
 + Level 4.8 Fighting
 + Level 1.6 Short Blades
 + Level 4.8 Long Blades
 + Level 1.6 Axes
 + Level 1.6 Maces & Flails
 + Level 1.6 Polearms
 + Level 1.6 Staves
 + Level 1.6 Slings
 + Level 1.6 Bows
 + Level 1.6 Crossbows
 + Level 3.0 Throwing
 + Level 3.0 Armour
 + Level 4.8 Dodging
 + Level 1.6 Stealth
 + Level 1.6 Shields
 + Level 1.6 Unarmed Combat
 + Level 5.2 Spellcasting
 + Level 1.2 Conjurations
 + Level 1.2 Hexes
 + Level 1.2 Charms
 + Level 1.2 Summonings
 + Level 1.2 Necromancy
 + Level 5.5 Translocations
 + Level 1.2 Transmutations
 + Level 1.2 Fire Magic
 + Level 1.2 Ice Magic
 + Level 1.2 Air Magic
 + Level 1.2 Earth Magic
 + Level 1.2 Poison Magic
 + Level 1.8 Invocations
 + Level 1.6 Evocations


You had 12 spell levels left.
You knew the following spells:

 Your Spells              Type           Power        Failure   Level  Hunger
a - Blink                 Tloc           N/A          3%          2    #......

Your spell library contained the following spells:

 Spells                   Type           Power        Failure   Level  Hunger
 Gell's Gravitas          Tloc           ###.......   6%          3    ###....
 Lesser Beckoning         Tloc           ###.......   6%          3    ###....
 Teleport Other           Tloc           ###.....     6%          3    ###....
 Shroud of Golubria       Chrm/Tloc      ###...       7%          2    #......
 Passage of Golubria      Tloc           N/A          19%         4    ####...


Dungeon Overview and Level Annotations

Branches:
Dungeon (4/15)
 Temple: D:4-7

Altars:
Fedhas
Makhleb
Ru
Trog
Vehumet
Wu Jian

Annotations:
D:3 exclusion: downstairs


Innate Abilities, Weirdness & Mutations

Your experience applies equally to all skills.
You have very sharp teeth.
Your uncanny sense of smell can sniff out nearby items.


Message History

The orc wizard closely misses you. The gnoll closely misses you.
The gnoll misses you.
You riposte.
You hit the gnoll.
The gnoll is almost dead.
You hit the orc wizard.
The orc wizard is almost dead.
The orc wizard hits you with a +0 dagger.
* * * LOW HITPOINT WARNING * * *
The gnoll misses you. The gnoll hits you with a +0 whip.
* * * LOW HITPOINT WARNING * * *
The orc wizard barely misses you.
You slash the gnoll!
You kill the gnoll!
The gnoll hits you but does no damage.
The orc wizard hits you but does no damage.
You miss the orc wizard.
The orc wizard is almost dead.
The gnoll closely misses you. The orc wizard casts a spell at you.
The puff of frost hits you!
You die...

#......#....#...# #
####.###....#...# #
#.....#######...# #
#.....# #...# #
#.....##### ##### #
#.........# #
####.....># #
#[.....######## #
###@g...........# #
#.o)).#########.# #
##### ###.....#
#.## #
#...###.......##
#..# #
#...##.#######.##
##.## #
#...#.#..≈≈≈..#.##
#..# #
#....#..≈...≈..#.##
#####.###
#...#...≈._.≈...#.#
#.....<..
#....#..≈...≈..#..#
#........


You could see an orc wizard and a gnoll.

Vanquished Creatures
  A gnoll shaman (D:3)
  An orc priest (D:3)
  4 adders
  4 gnolls
  3 worms (D:3)
  2 dart slugs (D:1)
  A leopard gecko (D:2)
  5 orcs
  2 giant cockroaches
  5 goblins
  6 hobgoblins
  7 kobolds
  2 quokkas
  2 ball pythons (D:2)
  4 bats
  2 frilled lizards (D:1)
  A leopard gecko skeleton (D:4)
  3 rats
55 creatures vanquished.

Notes
Turn   | Place    | Note
-------+----------+-------------------------------------------
     0 | D:1      | ketsa the Gnoll Warper began the quest for the Orb.
     0 | D:1      | Reached XP level 1. HP: 20/20 MP: 6/6
   184 | D:1      | Reached XP level 2. HP: 22/26 MP: 7/7
   400 | D:1      | You fall into a shaft and drop 1 floor!
   517 | D:2      | Learned a level 2 spell: Blink
   679 | D:2      | Found a radiant altar of Vehumet.
   865 | D:1      | Reached XP level 3. HP: 31/31 MP: 9/9
  1015 | D:2      | Reached skill level 5 in Spellcasting
  1138 | D:2      | Reached skill level 1 in Invocations
  1258 | D:2      | Found an ornate altar of the Wu Jian Council.
  1431 | D:2      | Reached skill level 1 in Short Blades
  1431 | D:2      | Reached skill level 1 in Axes
  1431 | D:2      | Reached skill level 1 in Maces & Flails
  1431 | D:2      | Reached skill level 1 in Polearms
  1431 | D:2      | Reached skill level 1 in Staves
  1431 | D:2      | Reached skill level 1 in Slings
  1431 | D:2      | Reached skill level 1 in Bows
  1431 | D:2      | Reached skill level 1 in Crossbows
  1431 | D:2      | Reached skill level 1 in Stealth
  1431 | D:2      | Reached skill level 1 in Shields
  1431 | D:2      | Reached skill level 1 in Unarmed Combat
  1431 | D:2      | Reached skill level 1 in Evocations
  1616 | D:2      | Reached XP level 4. HP: 37/38 MP: 11/11
  1778 | D:3      | Found a blossoming altar of Fedhas.
  1781 | D:3      | Found a bloodstained altar of Trog.
  1912 | D:3      | Found a sacrificial altar of Ru.
  2368 | D:4      | Found a burning altar of Makhleb.
  2388 | D:4      | Reached skill level 1 in Conjurations
  2388 | D:4      | Reached skill level 1 in Hexes
  2388 | D:4      | Reached skill level 1 in Charms
  2388 | D:4      | Reached skill level 1 in Summonings
  2388 | D:4      | Reached skill level 1 in Necromancy
  2388 | D:4      | Reached skill level 1 in Transmutations
  2388 | D:4      | Reached skill level 1 in Fire Magic
  2388 | D:4      | Reached skill level 1 in Ice Magic
  2388 | D:4      | Reached skill level 1 in Air Magic
  2388 | D:4      | Reached skill level 1 in Earth Magic
  2388 | D:4      | Reached skill level 1 in Poison Magic
  2466 | D:4      | Noticed an ogre
  2601 | D:3      | Reached XP level 5. HP: 16/43 MP: 12/12
  3584 | D:3      | Killed from afar by an orc wizard

Levels and vault maps discovered:
D:1:      wander_arrival_abandoned_jail, layout_basic
D:2:      layout_loops_ring, lemuel_crystal_altar, lemuel_doored_altar
D:3:      layout_basic, chequers_temple_overflow_statue_of_worship,
          nicolae_ru_awakened_eye
D:4:      layout_rooms, old_standard_altar, gup_sewer_entry_spiral

Skill      XL: |  1  2  3  4  5 |
---------------+----------------+-----
Spellcasting   | 5 |  5.2
Invocations    | 1 |  1.8
Short Blades   | 1 |  1.6
Axes           | 1 |  1.6
Maces & Flails | 1 |  1.6
Polearms       | 1 |  1.6
Staves         | 1 |  1.6
Slings         | 1 |  1.6
Bows           | 1 |  1.6
Crossbows      | 1 |  1.6
Stealth        | 1 |  1.6
Shields        | 1 |  1.6
Unarmed Combat | 1 |  1.6
Evocations     | 1 |  1.6
Conjurations   | 1 |  1.2
Hexes          | 1 |  1.2
Charms         | 1 |  1.2
Summonings     | 1 |  1.2
Necromancy     | 1 |  1.2
Transmutations | 1 |  1.2
Fire Magic     | 1 |  1.2
Ice Magic      | 1 |  1.2
Air Magic      | 1 |  1.2
Earth Magic    | 1 |  1.2
Poison Magic   | 1 |  1.2
Throwing       | 3 |  3.0
Armour         | 3 |  3.0
Fighting       | |  4.8
Long Blades    | |  4.8
Dodging        | |  4.8
Translocations | |  5.5

Action                   |  1- 3 |  4- 6 || total
-------------------------+-------+-------++-------
Melee: Falchion          |   110 |    94 ||   204
       Bite              |    13 |    10 ||    23
       Punch             |       |     3 ||     3
Throw: Boomerang         |     2 |       ||     2
  Use: Scroll            |     4 |     6 ||    10
       Potion            |       |     6 ||     6
 Stab: Sleeping          |     1 |     1 ||     2
       Invisible         |       |     4 ||     4
  Eat: Chunk             |     2 |     4 ||     6
       Ration            |       |     1 ||     1
Armor: Leather armour    |    22 |    22 ||    44
Dodge: Dodged            |    69 |    94 ||   163
       Rpst.: Falchion   |    14 |    30 ||    44

Table legend:
 A = Non-vault XP
 B = Vault XP
 C = Vault XP percentage of total XP
 D = Non-vault monster count
 E = Vault monster count
 F = Vault count percentage of total count
                 A         B        C        D         E       F
            +---------+---------+-------+---------+---------+-------
      Total |     287 |       0 |   0.0 |      55 |       0 |   0.0
            +---------+---------+-------+---------+---------+-------
        D:1 |      28 |       0 |   0.0 |      15 |       0 |   0.0
        D:2 |      54 |       0 |   0.0 |      18 |       0 |   0.0
        D:3 |     167 |       0 |   0.0 |      15 |       0 |   0.0
        D:4 |      38 |       0 |   0.0 |       7 |       0 |   0.0
            +---------+---------+-------+---------+---------+-------
